 Dungeon Crawl Stone Soup version 0.27.0-1-g7a089689b8 (webtiles) character file.

Game seed: 7269812762060552798

679 infcreate the Covered (level 7, -1/44 HPs)
             Began as a Gargoyle Fighter on Aug 7, 2021.
             Killed from afar by Eustachio (5 damage)
             ... with a puff of flame
             ... on level 6 of the Dungeon.
             The game lasted 00:07:57 (5505 turns).

infcreate the Covered (Gargoyle Fighter)            Turns: 5505, Time: 00:07:58

Health: -1/44      AC: 14    Str: 20    XL:     7   Next: 60%
Magic:  7/7        EV:  5    Int: 10    God:
Gold:   280        SH: 10    Dex:  9    Spells: 6/6 levels left

rFire    . . .     SeeInvis .   a - +0 flail
rCold    . . .     Faith    .   c - +0 kite shield
rNeg     + . .     Spirit   .   o - +0 chain mail
rPois    ∞         Reflect  .   (no helmet)
rElec    +         Harm     .   (no cloak)
rCorr    .         Rampage  .   (no gloves)
Will     .....                  (no boots)
Stlth    ..........             (no amulet)
HPRegen  0.14/turn              (no ring)
MPRegen  0.10/turn              (no ring)

@: no status effects
A: sickness immunity, AC +4, negative energy resistance 1, electricity
resistance, torment resistance 1, petrification resistance
a: no special abilities


You were on level 6 of the Dungeon.
You visited 1 branch of the dungeon, and saw 6 of its levels.

You collected 280 gold pieces.


Innate Abilities, Weirdness & Mutations

You are immune to sickness and miasma.
Your stone body is resilient. (AC +4)
You are immune to poison.
You resist negative energy. (rN+)
You are resistant to electric shocks. (rElec)
You are resistant to unholy torment.
You are immune to petrification.


   Skills:
 + Level 5.4 Fighting
 + Level 4.4 Maces & Flails
 + Level 5.5 Armour
 + Level 5.4 Shields


You had 6 spell levels left.
You didn't know any spells.
Your spell library contained the following spells:

 Spells                   Type           Power      Damage    Failure   Level
 Shock                    Conj/Air       0%         1d3       100%        1
 Passwall                 Tmut/Erth      0%         N/A       100%        2
 Stone Arrow              Conj/Erth      0%         3d7       100%        3
 Swiftness                Air            0%         N/A       100%        3
 Airstrike                Air            0%         N/A       100%        4
 Bolt of Magma            Conj/Fire/Erth 0%         4d4       100%        5
 Invisibility             Hex            0%         N/A       100%        6
 Shatter                  Erth           0%         3d5*      100%        9

Inventory:

Hand Weapons
 a - a +0 flail (weapon)
Armour
 c - a +0 kite shield (worn)
 o - a +0 chain mail (worn)
Magical Staves
 h - a staff of earth {!a}
Jewellery
 l - an amulet of reflection
Wands
 t - a wand of iceblast (7)
Scrolls
 b - a scroll of fog {unknown}
 f - a scroll of noise {unknown}
 g - 3 scrolls of teleportation {@r2}
 k - 2 scrolls of identify {@r1}
 m - a scroll of amnesia {unknown}
 q - a scroll of enchant armour {unknown}
 w - a scroll of acquirement {unknown}
Potions
 d - a potion of might
 e - a potion of heal wounds {unknown}
 i - a potion of invisibility
 j - a potion of resistance {unknown}
 n - 3 potions of curing {unknown}
 p - a potion of magic {unknown}
 r - a potion of flight {unknown}
 s - a potion of attraction {unknown}
 u - a potion of brilliance
 v - a potion of ambrosia {unknown}

Dungeon Overview and Level Annotations

Branches:
Dungeon (6/15)
 Temple: D:4-7

Altars:

Annotations:
D:6 Eustachio

#......#.##.#.)#
#...#..#.##.#....# #..
#..#.##.#....#
#...#..#.##.#......
..#..#.##.#....#.#
....#.##.#........
##.##..#.##.#<...#.#..
....r.@#.##...........
#..r@b.#.≈ ########


You could see Eustachio, a river rat (summoned), a quokka (summoned) and a bat
(summoned).


Message History

Unknown command.
You block the bat's attack.
Eustachio zaps a wand.
The puff of flame hits you.
* * * LOW HITPOINT WARNING * * *
Your shield and chain mail prevent you from hitting Eustachio.
Eustachio is moderately wounded.
You block the bat's attack. Eustachio hits you with a +0 rapier.
* * * LOW HITPOINT WARNING * * *
You hit Eustachio but do no damage.
Eustachio is moderately wounded.
You block the bat's attack. The bat closely misses you.
You block Eustachio's attack.
Eustachio zaps a wand.
The puff of flame misses you. The bat hits you but does no damage.
You closely miss Eustachio.
Eustachio is moderately wounded.
The bat barely misses you.
The quokka bites you but does no damage.
Eustachio hits you with a +0 rapier.
* * * LOW HITPOINT WARNING * * *
The quokka bites you.
* * * LOW HITPOINT WARNING * * *
Your chain mail prevents you from hitting Eustachio.
Eustachio is moderately wounded.
You block the bat's attack. The quokka bites you.
* * * LOW HITPOINT WARNING * * *
Eustachio barely misses you.
The quokka bites you but does no damage.
You hit Eustachio.
Eustachio is moderately wounded.
You block the bat's attack.
Eustachio zaps a wand.
The puff of flame hits you.
You die...

Skill      XL: |  1  2  3  4  5  6  7 |
---------------+----------------------+-----
Fighting       | 4 5 |  5.4
Armour         | 4 5 |  5.5
Shields        | 4 5 |  5.4
Maces & Flails | 3 4 |  4.4

Action                   |  1- 3 |  4- 6 |  7- 9 || total
-------------------------+-------+-------+-------++-------
Melee: Flail             |   120 |   194 |   103 ||   417
  Use: Scroll            |       |     2 |       ||     2
Armor: Scale mail        |    68 |    20 |       ||    88
       Chain mail        |       |    87 |    82 ||   169
Dodge: Dodged            |    30 |    46 |    21 ||    97
Block: Kite shield       |    60 |   102 |    61 ||   223

Levels and vault maps discovered:
D:1:      matt_arrival_spirals, layout_loops_cross
D:2:      layout_basic
D:3:      layout_basic, basic_ecumenical_altar, uniq_natasha
D:4:      layout_loops_ring, minmay_strange_pillars, minmay_goblin_kobold_house
D:5:      layout_basic
D:6:      layout_basic, mainiacjoe_overflow_concentric_impassable, uniq_sigmund,
          uniq_eustachio

Notes
Turn   | Place    | Note
-------+----------+-------------------------------------------
     0 | D:1      | infcreate the Gargoyle Fighter began the quest for the Orb.
     0 | D:1      | Reached XP level 1. HP: 14/14 MP: 1/1
   207 | D:1      | Reached XP level 2. HP: 19/19 MP: 2/2
  1513 | D:2      | Reached XP level 3. HP: 22/23 MP: 3/3
  1840 | D:3      | Reached XP level 4. HP: 17/29 MP: 4/4
  2015 | D:3      | Reached skill level 4 in Fighting
  2015 | D:3      | Reached skill level 4 in Armour
  2053 | D:3      | Reached skill level 4 in Shields
  2077 | D:3      | Noticed Natasha
  2093 | D:3      | Killed Natasha
  2094 | D:3      | Reached skill level 3 in Maces & Flails
  2094 | D:3      | Reached XP level 5. HP: 25/33 MP: 5/5
  2200 | D:3      | Noticed Natasha
  2203 | D:3      | Killed Natasha
  2212 | D:3      | Noticed Natasha
  2219 | D:3      | Killed Natasha
  2556 | D:3      | Found a faded altar of an unknown god.
  2959 | D:3      | Reached XP level 6. HP: 38/39 MP: 6/6
  3832 | D:5      | Entered Level 5 of the Dungeon
  3866 | D:5      | Reached skill level 5 in Armour
  3993 | D:5      | Reached skill level 5 in Fighting
  3993 | D:5      | Reached skill level 5 in Shields
  3993 | D:5      | Reached XP level 7. HP: 38/44 MP: 7/7
  4179 | D:5      | Reached skill level 4 in Maces & Flails
  5225 | D:6      | Noticed a steam dragon
  5460 | D:6      | Noticed Eustachio
  5503 | D:6      | HP: 4/44 [quokka[Eustachio] (3)]
  5505 | D:6      | Killed from afar by Eustachio

Vanquished Creatures
  An ice beast (D:5)
  3 bullfrog zombies
  A jelly (D:5)
  An orc priest (D:3)
  2 iguanas
  Natasha (thrice) (D:3)
  6 orc wizards
  A hound zombie (D:5)
  A hound skeleton (D:3)
  A howler monkey skeleton (D:4)
  6 adders
  3 dart slugs
  9 orcs
  5 endoplasms
  2 giant cockroaches
  7 goblins
  4 hobgoblins
  2 jackals (D:5)
  3 kobolds
  A quokka (D:2)
  5 ball pythons
  2 bats
  4 frilled lizards
  2 rats (D:2)
75 creatures vanquished.

Table legend: (Time is in decaauts)
 A = Elapsed time spent in this place.
 B = Non-inter-level travel time spent in this place.
 C = Inter-level travel time spent in this place.
 D = Time resting spent in this place.
 E = Time spent auto-exploring this place.
 F = Levels seen in this place.
 G = Mean time per level.
                   A        B        C        D        E       F      G
               +--------+--------+--------+--------+--------+-----+--------+
         Total |   5705 |   5455 |    250 |    567 |   3722 |   6 |  950.8 |
       Dungeon |   5705 |   5455 |    250 |    567 |   3722 |   6 |  950.8 |
               +--------+--------+--------+--------+--------+-----+--------+

Top non-repeatable levels by time:
     D:5: 1450 daAuts
     D:3: 1329 daAuts
     D:2: 1105 daAuts
     D:4: 793 daAuts
     D:1: 779 daAuts
     D:6: 246 daAuts

Table legend:
 A = Non-vault XP
 B = Vault XP
 C = Vault XP percentage of total XP
 D = Non-vault monster count
 E = Vault monster count
 F = Vault count percentage of total count
                 A         B        C        D         E       F
            +---------+---------+-------+---------+---------+-------
      Total |     929 |      42 |   4.3 |      70 |       5 |   6.7
            +---------+---------+-------+---------+---------+-------
        D:1 |      17 |       0 |   0.0 |      10 |       0 |   0.0
        D:2 |      21 |       0 |   0.0 |      13 |       0 |   0.0
        D:3 |     288 |      35 |  10.8 |      22 |       1 |   4.3
        D:4 |     150 |       7 |   4.5 |       9 |       4 |  30.8
        D:5 |     420 |       0 |   0.0 |      15 |       0 |   0.0
        D:6 |      33 |       0 |   0.0 |       1 |       0 |   0.0
            +---------+---------+-------+---------+---------+-------
